 Dungeon Crawl Stone Soup version 0.31-a0-214-gb37851dbb3 (webtiles) character file.

Game seed: 2478040850021224254

128 qw the Shooter (level 4, 0/37 HPs)
             Began as a Minotaur Hexslinger on July 1, 2023.
             Slain by an ogre
             ... wielding a +0 giant spiked club
              (21 damage)
             ... on level 4 of the Dungeon.
             The game lasted 00:00:43 (1894 turns).

qw the Shooter (Minotaur Hexslinger)                Turns: 1894, Time: 00:00:44

Health: 0/37       AC:  5    Str: 12    XL:     4   Next: 86%
Magic:  4/4        EV: 11    Int: 10    God:
Gold:   185        SH:  0    Dex: 15    Spells: 4/5 levels left

rFire   . . .        c - +3 sling (heavy)
rCold   . . .        (no shield)
rNeg    . . .        i - +0 ring mail
rPois   .            (helmet restricted)
rElec   .            (no cloak)
rCorr   .            (no gloves)
SInv    .            (no boots)
Will    .....        (no amulet)
Stlth   +            (no ring)
HPRegen 0.26/turn    (no ring)
MPRegen 0.09/turn

%: no passive effects
@: no status effects
A: horns 2, retaliatory headbutt
a: no special abilities


You were on level 4 of the Dungeon.
You visited 1 branch of the dungeon, and saw 4 of its levels.

You collected 185 gold pieces.


Innate Abilities, Weirdness & Mutations

You have a pair of horns on your head.
You reflexively headbutt those who attack you in melee.


   Skills:
 + Level 2.7 Fighting
 - Level 5.0 Ranged Weapons
 - Level 1.0 Armour
 - Level 2.1 Dodging
 - Level 1.0 Spellcasting
 - Level 2.0 Hexes


You had 4 spell levels left.
You knew the following spells:

 Your Spells              Type           Power      Damage    Failure   Level
a - Slow                  Hex            16%        N/A       34%         1

Your spell library contained the following spells:

 Spells                   Type           Power      Damage    Failure   Level
 Inner Flame              Hex/Fire       2%         N/A       83%         3
 Portal Projectile        Hex/Tloc       4%         N/A       83%         3
 Cause Fear               Hex            2%         N/A       98%         4

Inventory:

Hand Weapons
 c - a +3 heavy sling (weapon)
Armour
 i - a +0 ring mail (worn)
Scrolls
 a - 2 scrolls of enchant armour
 l - 2 scrolls of identify
Potions
 b - a potion of cancellation
 d - 2 potions of magic {unknown}
 h - a potion of mutation {unknown}
 j - a potion of lignification {unknown}
 k - a potion of degeneration {unknown}
 m - a potion of haste {unknown}

Dungeon Overview and Level Annotations

Branches:
Dungeon (4/15)
 Temple: D:4-7

Altars:
Wu Jian


Message History

The sling bullet hits the giant cockroach.
The giant cockroach is moderately wounded.
You shoot a sling bullet.
The sling bullet hits the giant cockroach.
The giant cockroach is heavily wounded.
An ogre comes into view. It is wielding a +0 giant spiked club.
You shoot a sling bullet.
The sling bullet closely misses the giant cockroach.
The ogre shouts!
An adder comes into view.
You shoot a sling bullet.
The sling bullet completely misses the giant cockroach.
The giant cockroach bites you. The giant cockroach closely misses you.
You furiously retaliate!
You headbutt the giant cockroach!
You kill the giant cockroach!
Your Armour skill increases to level 1!
You shoot a sling bullet.
The sling bullet barely misses the ogre.
You shoot a sling bullet.
The sling bullet barely misses the ogre.
The ogre hits you with a +0 giant spiked club!
You shoot a sling bullet. The sling bullet hits the ogre.
The ogre is lightly wounded.
The adder bites you but does no damage.
The ogre hits you with a +0 giant spiked club.
The adder bites you but does no damage.
You shoot a sling bullet. The sling bullet hits the ogre.
The ogre is lightly wounded.
The adder closely misses you. The adder bites you but does no damage.
The ogre hits you with a +0 giant spiked club.
You shoot a sling bullet.
The sling bullet barely misses the ogre.
The adder barely misses you. The adder bites you but does no damage.
The ogre closely misses you. The adder closely misses you.
You shoot a sling bullet. The sling bullet hits the ogre!
The ogre is heavily wounded.
The adder barely misses you.
The ogre hits you with a +0 giant spiked club!!
Ouch! That really hurt!
You die...

................
................ .#<#.
........%....... ....
........<.....# ...
.......%..##..## ..
..........#....# .# .
...............##.# ...
..................#.....
..............#.@.....#
.............###OS.....#
.............# #....#?..
.............# ......# .
......##..........####
##....#.........#..
......#........###..
#......#......... ..
......##.........


You could see an ogre and an adder.

Vanquished Creatures
  Jessica (D:2)
  3 adders
  An ufetubus (D:4)
  5 worms
  A dart slug (D:1)
  5 endoplasms
  3 giant cockroaches
  3 goblins
  5 hobgoblins
  2 jackals (D:4)
  7 kobolds
  3 quokkas
  5 ball pythons
  3 bats
  A frilled lizard (D:3)
  5 rats
53 creatures vanquished.

Notes
Turn   | Place    | Note
-------+----------+-------------------------------------------
     0 | D:1      | qw the Minotaur Hexslinger began the quest for the Orb.
     0 | D:1      | Reached XP level 1. HP: 16/16 MP: 1/1
     0 | D:1      | 0 ||| qw: Version: 0.3-a-32-g5962c71
     0 | D:1      | 0 ||| qw: Game counter: 7637
     0 | D:1      | 0 ||| qw: Melee chars always use a shield: true
     0 | D:1      | 0 ||| qw: God list: Okawaru
     0 | D:1      | 0 ||| qw: Allow faded altars: false
     0 | D:1      | 0 ||| qw: Do Orc after clearing Dungeon:15 true
     0 | D:1      | 0 ||| qw: Do second Lair branch before Depths: true
     0 | D:1      | 0 ||| qw: Lair rune preference: random
     0 | D:1      | 0 ||| qw: Goals: Normal
     0 | D:1      | 0 ||| PLANNING D:1-11
   293 | D:1      | Reached skill level 3 in Ranged Weapons
   293 | D:1      | Reached XP level 2. HP: 23/23 MP: 2/2
   856 | D:1      | Found a faded altar of an unknown god.
   870 | D:1      | 870 ||| UPGRADING to +0 leather armour.
   880 | D:1      | 880 ||| DROPPING +0 robe.
   881 | D:1      | 881 ||| READING 2 scrolls labelled JACKUNANNUN.
   882 | D:1      | 882 ||| READING scroll of enchant weapon.
   882 | D:1      | 882 ||| ENCHANTING +2 sling.
   883 | D:1      | 883 ||| READING scroll labelled QUFUTU RECH.
   884 | D:1      | 884 ||| READING scroll labelled SYLIOBBELA.
   885 | D:1      | 885 ||| DROPPING scroll of poison.
   911 | D:2      | Reached XP level 3. HP: 28/29 MP: 3/3
  1112 | D:2      | Reached skill level 4 in Ranged Weapons
  1112 | D:2      | Noticed Jessica
  1115 | D:2      | Killed Jessica
  1116 | D:2      | Reached XP level 4. HP: 36/36 MP: 4/4
  1354 | D:2      | 1354 ||| READING scroll labelled FUOTES PAPI.
  1355 | D:2      | 1355 ||| DRINKING 2 bubbling emerald potions.
  1490 | D:3      | Identified the +7 whip of the Furious {flame, *Rage Fly
                  | rN+}
  1523 | D:3      | Reached skill level 5 in Ranged Weapons
  1617 | D:3      | Found an ornate altar of the Wu Jian Council.
  1825 | D:3      | 1825 ||| UPGRADING to +0 ring mail.
  1835 | D:3      | 1835 ||| DROPPING +0 leather armour.
  1836 | D:3      | 1836 ||| READING scroll labelled VILAEM OLEQ.
  1841 | D:3      | 1841 ||| READING 3 scrolls labelled UCENIPNUFUKH.
  1842 | D:3      | 1842 ||| READING scroll labelled TESCHUI RIMP.
  1843 | D:3      | 1843 ||| READING 2 scrolls of identify.
  1843 | D:3      | 1843 ||| IDENTIFYING metallic grey potion
  1844 | D:3      | 1844 ||| DROPPING potion of brilliance.
  1886 | D:4      | Noticed an ogre
  1889 | D:4      | Reached skill level 1 in Armour
  1894 | D:4      | Slain by an ogre

Levels and vault maps discovered:
D:1:      mushboom_english_gardens, layout_loops_corners,
          dreamdust_ecumenical_altar_hidden_monk_grotto
D:2:      layout_rooms, nicolae_wormholes, uniq_jessica
D:3:      layout_rooms, nicolae_wu_jian_immortal_techniques,
          minmay_misc_feat_square, chequers_serial_rivers_micro_d,
          kennysheep_generic_room_15
D:4:      layout_cave_pools, nicolae_vehumet_radiance,
          chequers_temple_overflow_statue_of_worship, minmay_temple_entry_arrows

Skill      XL: |  1  2  3  4 |
---------------+-------------+-----
Ranged Weapons | 3 4 5 |  5.0
Fighting       | 2 |  2.7
Armour         | 1 |  1.0
Dodging        | |  2.1
Spellcasting   | |  1.0
Hexes          | |  2.0

Action                     |  1- 3 |  4- 6 || total
---------------------------+-------+-------++-------
   Fire: Sling             |    66 |    65 ||   131
    Use: Scroll            |     4 |     5 ||     9
         Potion            |       |     1 ||     1
 Armour: Leather armour    |     2 |     3 ||     5
         Robe              |     2 |       ||     2
         Ring mail         |       |    10 ||    10
  Dodge: Dodged            |    11 |    19 ||    30

Table legend:
 A = Non-vault XP
 B = Vault XP
 C = Vault XP percentage of total XP
 D = Non-vault monster count
 E = Vault monster count
 F = Vault count percentage of total count
                 A         B        C        D         E       F
            +---------+---------+-------+---------+---------+-------
      Total |     134 |      49 |  26.8 |      49 |       4 |   7.5
            +---------+---------+-------+---------+---------+-------
        D:1 |      37 |       0 |   0.0 |      20 |       0 |   0.0
        D:2 |      32 |      47 |  59.5 |      12 |       3 |  20.0
        D:3 |      50 |       2 |   3.8 |      12 |       1 |   7.7
        D:4 |      15 |       0 |   0.0 |       5 |       0 |   0.0
            +---------+---------+-------+---------+---------+-------
